 Dungeon Sprint DCSS version 0.28.0-53-g5a82cb258f (webtiles) character file.

Game seed: 2254339226458154828

1237 Zeld the Cleaver (level 8, -3/129 HPs)
             Began as a Minotaur Berserker on June 7, 2022.
             Was a Priest of Trog.
             Slain by a demonic crawler (13 damage)
             ... in the Dungeon (Sprint I: "Red Sonja").
             The game lasted 00:00:46 (1105 turns).

Zeld the Cleaver (Minotaur Berserker)               Turns: 1105, Time: 00:00:46

Health: -3/129     AC:  2    Str: 23    XL:     8   Next: 24%
Magic:  7/7        EV: 15    Int:  4    God:    Trog [***...]
Gold:   174        SH:  0    Dex: 11    Spells: 7/7 levels left

rFire   . . .      SeeInvis .   a - +0 hand axe
rCold   . . .      Faith    .   (no shield)
rNeg    . . .      Spirit   .   b - +0 animal skin
rPois   .          Reflect  .   (helmet restricted)
rElec   .          Harm     .   (no cloak)
rCorr   .          Rampage  .   (no gloves)
Will    ++...      NoTele   +   (no boots)
Stlth   ..........              (no amulet)
HPRegen 1.31/turn               (no ring)
MPRegen 0.10/turn               (no ring)

@: berserking (expiring), strong-willed, regenerating, very quick
A: horns 2, retaliatory headbutt, subdued magic 1
a: Renounce Religion, Berserk, Trog's Hand


You were in the Dungeon.
You worshipped Trog.
Trog was most pleased with you.
You visited 1 branch You collected 405 gold pieces.
You spent 231 gold pieces at shops.

Inventory:

Hand Weapons
 a - a +0 hand axe (weapon)
Armour
 b - a +0 animal skin (worn)
Wands
 i - a wand of acid (4)
Scrolls
 h - a scroll of blinking
Potions
 c - 2 potions of curing
 d - a potion of heal wounds
 e - a potion of haste
 f - 2 potions of magic
 g - a potion of berserk rage
 k - a potion of invisibility
 l - a potion of resistance


   Skills:
 * Level 13.0 Fighting
 * Level 13.1 Axes
 + Level 9.3 Armour
 + Level 8.4 Dodging


You had 7 spell levels left.
You didn't know any spells.
Your spell library was empty.

Dungeon Overview and Level Annotations

Branches:
Dungeon (1/1)

Altars:
Cheibriados
Dithmenos
Elyvilon
Fedhas
Gozag
Hepliaklqana
Kikubaaqudgha
Makhleb
Nemelex Xobeh
Okawaru
Qazlal
Ru
Sif Muna
Trog
Uskayaw
Vehumet
Wu Jian
Xom
Yredelemnul
Zin
The Shining One
Jiyva
Lugonu

Shops:
D *


Innate Abilities, Weirdness & Mutations

You have a pair of horns on your head.
You reflexively headbutt those who attack you in melee.
Your spells are a little easier to cast, but a little less powerful.


Message History

You barely miss the demonic crawler.
The demonic crawler is heavily wounded.
The demonic crawler hits you. The demonic crawler misses you.
The demonic crawler barely misses you.
You hit the demonic crawler but do no damage.
The demonic crawler is heavily wounded.
A gargoyle comes into view.
It is wielding a +0 morningstar of draining.
The demonic crawler hits you! x2; The demonic crawler closely misses you.
The demonic crawler hits you. The demonic crawler closely misses you.
The demonic crawler barely misses you.
There is an open door, spattered with blood here.
Unknown command.
You barely miss the demonic crawler.
You headbutt the demonic crawler, but do no damage.
You completely miss the demonic crawler.
You slash the demonic crawler!
The demonic crawler shrieks in warning!
The demonic crawler closely misses you. The demonic crawler hits you.
The demonic crawler misses you.
You closely miss the demonic crawler. You hit the demonic crawler.
You slash the demonic crawler! You hit the demonic crawler.
The demonic crawler is lightly wounded.
You hit the demonic crawler but do no damage.
You hit the demonic crawler. The demonic crawler hits you.
The demonic crawler hits you! The demonic crawler hits you.
The demonic crawler hits you! The demonic crawler hits you.
The demonic crawler hits you!
* * * LOW HITPOINT WARNING * * *
You barely miss the demonic crawler. You headbutt the demonic crawler!
The demonic crawler is lightly wounded.
You hit the demonic crawler. You slash the demonic crawler!
The demonic crawler hits you!
* * * LOW HITPOINT WARNING * * *
The demonic crawler hits you.
* * * LOW HITPOINT WARNING * * *
The demonic crawler hits you!
* * * LOW HITPOINT WARNING * * *
The demonic crawler hits you!
You die...

#################
#..'..#__#..'.).#
').#..'..'..#).s##+#
#####'#__####...@ss#
#...#[#### #####s9+
#..##.# '## ##'#_.+
.. ÷'..._# .○.
##_.#'# #°°. ###+#[#
°○.# # ### ..##


You could see 4 demonic crawlers and a gargoyle.

Vanquished Creatures
  2 kobold demonologists (D)
  A slime creature (D)
  Sigmund (D)
  A yak (D)
  A floating eye (D)
  An ogre (D)
  A jelly (D)
  Ijyb (D)
9 creatures vanquished.

Notes
Turn   | Place    | Note
-------+----------+-------------------------------------------
     0 | D        | Zeld the Minotaur Berserker began the quest for the Orb.
     0 | D        | Reached XP level 1. HP: 19/19 MP: 0/0
     2 | D        | Noticed Ijyb
     7 | D        | Killed Ijyb
     8 | D        | Reached skill level 5 in Fighting
     8 | D        | Reached skill level 5 in Axes
     8 | D        | Reached XP level 2. HP: 29/29 MP: 1/1
    66 | D        | Noticed an ogre
    74 | D        | Killed an ogre
    75 | D        | Reached XP level 3. HP: 20/39 MP: 2/2
    75 | D        | Reached XP level 4. HP: 24/47 MP: 3/3
   360 | D        | Noticed Sigmund
   368 | D        | Killed Sigmund
   368 | D        | Reached ** piety under Trog
   369 | D        | Reached skill level 5 in Dodging
   369 | D        | Reached XP level 5. HP: 57/57 MP: 4/4
   369 | D        | Reached XP level 6. HP: 64/64 MP: 5/5
   423 | D        | Found an ornate altar of the Wu Jian Council.
   423 | D        | Found a shimmering blue altar of Sif Muna.
   425 | D        | Found a radiant altar of Vehumet.
   504 | D        | Found Qeipleurec's General Store.
   504 | D        | Found an ancient bone altar of Kikubaaqudgha.
   504 | D        | Found a hazy altar of Hepliaklqana.
   504 | D        | Found a hide-covered altar of Uskayaw.
   504 | D        | Found a basalt altar of Yredelemnul.
   504 | D        | Found an opulent altar of Gozag.
   504 | D        | Found a snail-covered altar of Cheibriados.
   504 | D        | Found a sacrificial altar of Ru.
   504 | D        | Found a shadowy altar of Dithmenos.
   504 | D        | Noticed a yak
   505 | D        | Found a stormy altar of Qazlal.
   505 | D        | Found a blossoming altar of Fedhas.
   505 | D        | Found a bloodstained altar of Trog.
   505 | D        | Found an iron altar of Okawaru.
   505 | D        | Found a glowing golden altar of the Shining One.
   505 | D        | Found a glowing silver altar of Zin.
   505 | D        | Found a white marble altar of Elyvilon.
   507 | D        | Killed a yak
   508 | D        | Reached skill level 10 in Fighting
   508 | D        | Reached skill level 10 in Axes
   508 | D        | Found a sparkling altar of Nemelex Xobeh.
   512 | D        | Bought a potion of invisibility for 88 gold pieces
   512 | D        | Bought a potion of resistance for 110 gold pieces
   512 | D        | Bought a potion of curing for 33 gold pieces
   727 | D        | Found a burning altar of Makhleb.
   727 | D        | Found a viscous altar of Jiyva.
   727 | D        | Found a shimmering altar of Xom.
   727 | D        | Found a corrupted altar of Lugonu.
   727 | D        | Noticed a slime creature
   732 | D        | Killed a slime creature
   733 | D        | Reached XP level 7. HP: 74/74 MP: 6/6
   855 | D        | Noticed a kobold demonologist
   855 | D        | Noticed a kobold demonologist
   858 | D        | Noticed a smoke demon
   860 | D        | Reached *** piety under Trog
   862 | D        | Noticed a chaos spawn
   864 | D        | Killed a kobold demonologist
   865 | D        | Noticed a neqoxec
   869 | D        | Noticed an ice devil
   870 | D        | Gained mutation: Your spells are a little easier to cast,
                  | but a little less powerful. [a neqoxec]
   874 | D        | Killed a kobold demonologist
   875 | D        | Reached XP level 8. HP: 86/86 MP: 7/7
  1095 | D        | Noticed a demonic crawler
  1095 | D        | Noticed a demonic crawler
  1095 | D        | Noticed a demonic crawler
  1095 | D        | Noticed a demonic crawler
  1101 | D        | Noticed a gargoyle
  1105 | D        | Slain by a demonic crawler

Illustrated notes

Levels and vault maps discovered:
D:        dungeon_sprint_1 [red_sonja_temple_1, red_sonja_temple_small_1]

Skill      XL: |  1  2  3  4  5  6  7 |
---------------+----------------------+-----
Fighting       | 5 7 9 11 13 | 13.0
Axes           | 5 7 9 11 13 | 13.1
Armour         | 3 4 6 7 9 |  9.3
Dodging        | 3 4 5 7 8 |  8.4

Action                   |  1- 3 |  4- 6 |  7- 9 || total
-------------------------+-------+-------+-------++-------
Melee: Hand axe          |    10 |    13 |    23 ||    46
       Headbutt          |     1 |     3 |     4 ||     8
Invok: Berserk           |     2 |     3 |     2 ||     7
       Trog's Hand       |       |       |     1 ||     1
  Use: Scroll            |       |       |     1 ||     1
Armor: Animal skin       |       |       |     1 ||     1
Dodge: Dodged            |     2 |     3 |    11 ||    16
